AoeStats
← Alberto

Arena

508551277Analyzed
1v1 RM · 9d ago on Sep 23, 2026· 42m 34s· 2 players
Game mode
Random Map
Map size
Tiny (2 player)
Population
200
Speed
Normal
Resources
Standard
Victory
Conquest
Starting age
Dark Age
Ending age
Imperial Age
RankedLock teamsTeams togetherTeam positionsShared explorationLock speedFull tech treeHidden civsTurbo modeCheats
Victory
Defeat
🇪🇸 Turks · Spain
759
+15
🇦🇷 Magyars · Argentina
742
-15
fedearg
3:04 Loom
11:17 Feudal Age
16:05 Fletching
18:10 Padded Archer Armor
21:14 Wheelbarrow
30:42 Castle Age
34:49 Corvinian Army
35:08 Scale Barding Armor
36:50 Chain Barding Armor
36:49 Horse Collar
38:58 Husbandry
39:13 Bloodlines
40:58 Light Cavalry
Alberto
10:56 Feudal Age
11:23 Double-Bit Axe
11:20 Horse Collar
11:32 Gold Mining
21:13 Castle Age
19:00 Loom
26:04 Gold Shaft Mining
26:17 Heavy Plow
26:44 Bow Saw
27:44 Padded Archer Armor
29:27 Leather Archer Armor
30:18 Stone Mining
35:47 Imperial Age
36:40 Wheelbarrow
37:33 Elite Janissary
Connection lost

Rejoining the realm…

Still unreachable

The connection could not be restored.

Session expired

The server has moved on; the page needs a fresh start.